 Dungeon Crawl Stone Soup version 0.27.1-33-g824d729ab1 (webtiles) character file.

Game seed: 11278761187081104693

19639 Jynx the Bludgeoner (level 12, 0/112 HPs)
             Began as a Minotaur Fighter on Sept 30, 2021.
             Was the Champion of Okawaru.
             Slain by an orc warrior (7 damage)
             ... on level 1 of the Orcish Mines on Dec 18, 2021.
             The game lasted 00:29:57 (16541 turns).

Jynx the Bludgeoner (Minotaur Fighter)             Turns: 16541, Time: 00:29:58

Health: 0/112      AC: 11    Str: 25    XL:     12   Next: 38%
Magic:  11/11      EV:  8    Int:  5    God:    Okawaru [******]
Gold:   786        SH:  0    Dex: 17    Spells: 11/11 levels left

rFire    . . .     SeeInvis .   H - +5 dire flail (flame)
rCold    . . .     Faith    .   (shield currently unavailable)
rNeg     . . .     Spirit   .   w - +0 chain mail
rPois    .         Reflect  .   v - +1 hat {Will+}
rElec    .         Harm     .   (no cloak)
rCorr    .         Rampage  .   (no gloves)
Will     +....                  (no boots)
Stlth    ..........             A - amulet of the acrobat
HPRegen  0.28/turn              j - +6 ring of dexterity
MPRegen  0.12/turn              (no ring)

@: no status effects
A: horns 2, retaliatory headbutt
a: Renounce Religion, Heroism, Finesse


You were on level 1 of the Orcish Mines.
You worshipped Okawaru.
Okawaru was exalted by your worship.
You visited 4 branches of the dungeon, and saw 14 of its levels.

You collected 822 gold pieces.
You spent 36 gold pieces at shops.

Inventory:

Hand Weapons
 H - a +5 dire flail of flaming (weapon)
Missiles
 p - 2 throwing nets (quivered)
Armour
 v - a +1 hat of willpower (worn)
 w - a +0 chain mail (worn)
Jewellery
 j - a +6 ring of dexterity (left hand)
 A - an amulet of the acrobat (around neck)
Wands
 h - a wand of acid (10)
 l - a wand of charming (14)
 t - a wand of iceblast (10)
 C - a wand of flame (18)
 G - a wand of polymorph (10)
Scrolls
 b - a scroll of amnesia
 e - 6 scrolls of teleportation
 f - 3 scrolls of brand weapon
 m - 2 scrolls of identify
 o - 3 scrolls of blinking
 r - a scroll of torment
 s - 2 scrolls of fog {unknown}
 u - a scroll of fear {unknown}
Potions
 c - a potion of resistance
 d - a potion of invisibility {unknown}
 g - 2 potions of flight
 i - 3 potions of mutation
 k - 2 potions of haste
 n - 4 potions of curing
 q - a potion of magic
 x - 4 potions of attraction
 z - 4 potions of brilliance
 D - a potion of heal wounds {unknown}
 E - a potion of cancellation {unknown}
Miscellaneous
 a - a phial of floods


   Skills:
 + Level 12.0 Fighting
 * Level 18.0 Maces & Flails
 + Level 8.0 Armour
 - Level 8.1 Shields


You had 11 spell levels left.
You didn't know any spells.
Your spell library contained the following spells:

 Spells                   Type           Power      Damage    Failure   Level
 Corona                   Hex            0%         N/A       96%         1
 Magic Dart               Conj           0%         1d3       96%         1
 Pain                     Necr           0%         1d4       96%         1
 Shock                    Conj/Air       0%         1d3       96%         1
 Corpse Rot               Necr/Air       N/A        N/A       99%         2
 Ensorcelled Hibernation  Hex/Ice        0%         N/A       99%         2
 Searing Ray              Conj           0%         3d3       99%         2
 Slow                     Hex            0%         N/A       99%         2
 Call Canine Familiar     Summ           0%         N/A       100%        3
 Confusing Touch          Hex            0%         N/A       100%        3
 Portal Projectile        Hex/Tloc       0%         N/A       100%        3
 Swiftness                Air            0%         N/A       100%        3
 Tukima's Dance           Hex            0%         N/A       100%        3
 Vampiric Draining        Necr           0%         2d6       100%        3
 Airstrike                Air            0%         N/A       100%        4
 Animate Armour           Summ/Erth      0%         N/A       100%        4
 Fulminant Prism          Conj/Hex       0%         3d6       100%        4
 Leda's Liquefaction      Hex/Erth       0%         N/A       100%        4
 Summon Lightning Spire   Summ/Air       0%         N/A       100%        4
 Agony                    Necr           0%         N/A       100%        5
 Blade Hands              Tmut           0%         N/A       100%        5
 Excruciating Wounds      Necr           0%         N/A       100%        5
 Lee's Rapid Deconstruct  Erth           0%         3d5*      100%        5
 Iron Shot                Conj/Erth      0%         9d1       100%        6
 Shatter                  Erth           0%         3d5*      100%        9


Dungeon Overview and Level Annotations

Branches:
Dungeon (10/15)            Temple (1/1) D:5            Lair (2/6) D:10
 Spider (0/4) Lair:2          Orc (1/2) D:10
  Swamp: Lair:2-4    Shoals: Lair:2-4

Altars:
Ashenzari
Cheibriados
Dithmenos
Elyvilon
Fedhas
Gozag
Hepliaklqana
Kikubaaqudgha
Makhleb
Nemelex Xobeh
Okawaru
Qazlal
Ru
Sif Muna
Trog
Uskayaw
Vehumet
Wu Jian
Xom
Yredelemnul
Zin
The Shining One
Beogh

Shops:
D:2 *   D:4 !   D:10 !

Annotations:
Lair:1 exclusion: oklob plant


Innate Abilities, Weirdness & Mutations

You have a pair of horns on your head.
You reflexively headbutt those who attack you in melee.


Message History

You puncture the orc! You burn the orc.
You kill the orc!
You feel sick. The troll bites you! The troll claws you.
The troll claws you but does no damage.
You are too injured to fight recklessly!
You are too injured to fight recklessly!
You are too injured to fight recklessly!
You are too injured to fight recklessly!
You are too injured to fight recklessly!
You hit the troll. You burn the troll. Your headbutt misses the troll.
The troll is lightly wounded.
The orc warrior barely misses you. The troll bites you!
The troll claws you but does no damage. The troll claws you.
You puncture the troll! You burn the troll.
You headbutt the troll, but do no damage.
The troll is heavily wounded.
You feel sick.
The orc warrior hits you from afar with a +0 trident!
* * * LOW HITPOINT WARNING * * *
You closely miss the troll. You headbutt the troll!
The troll is severely wounded.
The troll bites you but does no damage. The troll claws you but does no damage.
The troll claws you!
* * * LOW HITPOINT WARNING * * *
You hit the troll. You burn the troll. Your headbutt misses the troll.
The troll is almost dead.
You feel sick.
You are no longer poisoned.
The orc warrior hits you from afar with a +0 trident!
* * * LOW HITPOINT WARNING * * *
You completely miss the troll.
The troll is almost dead.
The troll bites you but does no damage. The troll barely misses you.
The troll claws you!
* * * LOW HITPOINT WARNING * * *
You impale the troll!! You burn the troll.
You kill the troll!
Okawaru accepts your kill.
The orc warrior hits you from afar with a +0 trident!
You die...

#......$.....
.....>...... o
.......#...# #.#
...........#..#
..........T.o.
.......o.o.# .......o.#
## ...#.#.)###.##
.#....#)@#...###
#....#......##.###
.................#
.......#...........
................#.#
#................##
...#...............##
###.#....#........#...#
#.##..............##.##


You could see an orc warrior and an orc.

Vanquished Creatures
  Gastronok (Lair:1)
  Harold (Orc:1)
  4 hydras
  2 two-headed ogres
  A black mamba (Lair:1)
  A rime drake (Lair:1)
  A komodo dragon (Lair:2)
  A polar bear (Lair:1)
  3 trolls
  7 blink frogs
  A wraith (D:9)
  22 yaks
  4 redbacks
  A wyvern (D:8)
  Grum (Lair:1)
  4 vampire mosquitoes (D:10)
  A steam dragon (D:6)
  Menkaure (D:7)
  An acid dragon (D:10)
  A warg (Orc:1)
  6 water moccasins
  A sky beast (D:7)
  9 orc warriors
  A black bear (D:6)
  A necrophage (D:5)
  2 ogres
  3 wolves (Lair:1)
  2 centaurs (D:9)
  A phantom (D:5)
  6 kobold brigands
  6 bullfrogs
  2 scorpions
  9 gnoll sergeants (D:10)
  A wyvern skeleton (D:6)
  4 howler monkeys
  4 wights
  5 electric eels (D:9)
  3 centaur zombies
  A centaur skeleton (D:6)
  3 hounds
  A jelly (D:6)
  5 orc priests
  2 bullfrog skeletons (D:6)
  A gnoll shaman (D:7)
  10 orc wizards
  3 howler monkey zombies
  8 adders
  24 gnolls
  A howler monkey skeleton (D:7)
  A shadow imp (D:5)
  2 white imps (D:7)
  An ufetubus (D:6)
  An adder skeleton (D:3)
  3 worms
  3 dart slugs
  56 orcs
  5 ball pythons
  4 endoplasms
  5 giant cockroaches
  3 goblins
  7 hobgoblins
  19 kobolds
  A quokka (D:1)
  6 bats
  4 frilled lizards
  4 rats
309 creatures vanquished.

Vanquished Creatures (others)
  A bullfrog (D:7)
  A gnoll shaman (D:7)
  A fungus (Lair:2)
  10 plants
13 creatures vanquished.

Grand Total: 322 creatures vanquished

Notes
Turn   | Place    | Note
-------+----------+-------------------------------------------
     0 | D:1      | Jynx the Minotaur Fighter began the quest for the Orb.
     0 | D:1      | Reached XP level 1. HP: 19/19 MP: 0/0
   161 | D:1      | Reached skill level 3 in Maces & Flails
   298 | D:1      | Reached XP level 2. HP: 25/26 MP: 1/1
   965 | D:2      | Found a sparkling altar of Nemelex Xobeh.
   970 | D:2      | Reached skill level 4 in Maces & Flails
  1024 | D:2      | Found Ycwulesu's Assorted Antiques.
  1032 | D:2      | Reached XP level 3. HP: 31/31 MP: 2/2
  1373 | D:2      | Reached skill level 5 in Maces & Flails
  1517 | D:2      | Reached XP level 4. HP: 39/39 MP: 3/3
  2004 | D:3      | Reached skill level 6 in Maces & Flails
  2400 | D:3      | Found a shimmering blue altar of Sif Muna.
  2400 | D:3      | Found a stormy altar of Qazlal.
  2400 | D:3      | Found a hide-covered altar of Uskayaw.
  2513 | D:3      | Reached XP level 5. HP: 45/45 MP: 4/4
  2663 | D:3      | Found a radiant altar of Vehumet.
  2706 | D:2      | Reached skill level 7 in Maces & Flails
  3131 | D:3      | Reached XP level 6. HP: 2/47 MP: 5/5
  3572 | D:3      | Found a burning altar of Makhleb.
  3770 | D:3      | Reached skill level 8 in Maces & Flails
  4026 | D:4      | Found a glowing silver altar of Zin.
  4253 | D:4      | Found Jumahiyr's Distillery.
  4262 | D:4      | Bought a potion of curing for 36 gold pieces
  4671 | D:5      | Entered Level 5 of the Dungeon
  4758 | D:5      | Found an ornate altar of the Wu Jian Council.
  4852 | D:5      | Reached XP level 7. HP: 45/57 MP: 6/6
  4990 | D:5      | Reached skill level 5 in Shields
  5130 | D:5      | Reached skill level 9 in Maces & Flails
  5493 | D:5      | Found a staircase to the Ecumenical Temple.
  5523 | D:5      | Found a sacrificial altar of Ru.
  5893 | D:6      | Reached XP level 8. HP: 25/64 MP: 7/7
  5900 | D:6      | Reached skill level 10 in Maces & Flails
  6209 | Temple   | Entered the Ecumenical Temple
  6214 | Temple   | Became a worshipper of Warmaster Okawaru
  6456 | D:6      | Found a snail-covered altar of Cheibriados.
  7192 | D:7      | Noticed an eight-headed hydra
  7204 | D:7      | Killed an eight-headed hydra
  7204 | D:7      | Reached * piety under Okawaru
  7205 | D:7      | Reached skill level 5 in Fighting
  7205 | D:7      | Reached skill level 11 in Maces & Flails
  7205 | D:7      | Reached XP level 9. HP: 30/74 MP: 8/8
  7231 | D:7      | Reached skill level 12 in Maces & Flails
  7476 | D:7      | Reached ** piety under Okawaru
  7765 | D:7      | Got the Catalogue of Aerial Earth
  7923 | D:7      | Noticed Menkaure
  7927 | D:7      | Killed Menkaure
  8352 | D:7      | Found a shimmering altar of Xom.
  8380 | D:7      | Reached skill level 13 in Maces & Flails
  8601 | D:8      | Reached *** piety under Okawaru
  8631 | D:8      | Reached XP level 10. HP: 58/86 MP: 9/9
  8836 | D:8      | Found a runed translucent door.
  8967 | D:8      | Reached skill level 14 in Maces & Flails
  9279 | D:8      | Reached **** piety under Okawaru
  9647 | D:9      | Found an opulent altar of Gozag.
  9681 | D:9      | Noticed a two-headed ogre
  9693 | D:9      | Killed a two-headed ogre
 10317 | D:9      | Reached skill level 15 in Maces & Flails
 10765 | D:9      | HP: 2/91 [electric eel/bolt of electricity (8)]
 11124 | D:9      | Upgraded the game from 0.27.1-2-g3b301248ec to
                  | 0.27.1-33-g824d729ab1
 11242 | D:10     | Entered Level 10 of the Dungeon
 11291 | D:10     | Reached ***** piety under Okawaru
 11524 | D:10     | Reached XP level 11. HP: 34/99 MP: 10/10
 12434 | D:10     | Found a staircase to the Lair.
 12489 | D:10     | Reached skill level 10 in Fighting
 12515 | D:10     | Found a staircase to the Orcish Mines.
 12938 | D:10     | Found Zuegibly's Distillery.
 13460 | Lair:1   | Entered Level 1 of the Lair of Beasts
 13483 | Lair:1   | Reached skill level 16 in Maces & Flails
 13558 | Lair:1   | Noticed a four-headed hydra
 13571 | Lair:1   | Killed a four-headed hydra
 13747 | Lair:1   | Reached skill level 5 in Armour
 13775 | Lair:1   | Received a gift from Okawaru
 14115 | Lair:1   | Noticed Gastronok
 14125 | Lair:1   | Noticed Grum
 14530 | Lair:1   | Killed Grum
 14752 | Lair:1   | Noticed an oklob plant
 14792 | Lair:1   | Killed Gastronok
 14793 | Lair:1   | Reached skill level 17 in Maces & Flails
 15207 | Lair:1   | Reached XP level 12. HP: 9/110 MP: 9/11
 15654 | Lair:2   | Found a hole to the Spider Nest.
 15851 | Lair:2   | Noticed a seven-headed hydra
 15851 | Lair:2   | Noticed a seven-headed hydra
 15873 | Lair:1   | Killed a seven-headed hydra
 16030 | Lair:2   | Killed a seven-headed hydra
 16101 | Lair:2   | Noticed a catoblepas
 16103 | Lair:2   | Noticed an eight-headed hydra
 16182 | Orc:1    | Entered Level 1 of the Orcish Mines
 16191 | Orc:1    | Noticed Harold
 16202 | Orc:1    | Killed Harold
 16202 | Orc:1    | Reached ****** piety under Okawaru
 16508 | Orc:1    | Noticed a two-headed ogre
 16519 | Orc:1    | Killed a two-headed ogre
 16520 | Orc:1    | Reached skill level 18 in Maces & Flails
 16541 | Orc:1    | Slain by an orc warrior

Illustrated notes

Levels and vault maps discovered:
D:1:      elethiomel_arrival_maze, layout_basic
D:2:      layout_basic, serial_shops, shop_fountains, basic_altar,
          minmay_circled_x
D:3:      layout_rooms, mainiacjoe_overflow_alcove_4,
          nicolae_overflow_crystal_walls, gammafunk_temple_overflow_claw,
          nrook_uturn, st_stairs_8
D:4:      layout_loops_ring, mainiacjoe_overflow_concentric_impassable,
          serial_shops, nicolae_shop_temple_entry_statues_fountains, st_stairs_9
D:5:      layout_loops_ring, kennysheep_mini_moat, nzn_wu_jian_contemplation,
          minmay_temple_entry_from_below_a
D:6:      layout_loops_ring, lemuel_round_altar, water_boxes_lemuel
D:7:      layout_loops_corners, xom_confusion_cloud,
          chequers_serial_rivers_marsh, serial_bayou_crossing, uniq_menkaure
D:8:      layout_basic, lightli_church_of_beogh
D:9:      wad_lake_hut, layout_basic, nicolae_gozag_seed_capital
D:10:     layout_layer_cave, dpeg_oklobed_lair,
          kennysheep_orc_monster_closet_entryway, serial_shops, shop,
          serial_bayou_pond_a
Temple:   minmay_freezing_vapour_temple
Lair:1:   layout_gridlike, nicolae_quartered_pool_little,
          infiniplex_staircase_pool, minmay_lair_oklob_chamber, uniq_grum,
          uniq_gastronok
Lair:2:   layout_hall_layers, spider_nest_entry_webs
Orc:1:    layout_caves, uniq_harold

Skill      XL: |  1  2  3  4  5  6  7  8  9 10 11 12 |
---------------+-------------------------------------+-----
Maces & Flails | 3 4 5 6 7 8 9 11 13 15 17 18 | 18.0
Shields        | 4 6 8 |  8.1
Fighting       | 5 7 9 11 12 | 12.0
Armour         | 6 8 |  8.0

Action                   |  1- 3 |  4- 6 |  7- 9 | 10-12 || total
-------------------------+-------+-------+-------+-------++-------
Melee: Flail             |    64 |   151 |   274 |   164 ||   653
       Headbutt          |    10 |    23 |    76 |   130 ||   239
       Dire flail        |       |       |       |   311 ||   311
Invok: Heroism           |       |       |       |    13 ||    13
       Finesse           |       |       |       |     2 ||     2
  Use: Potion            |       |       |     1 |     5 ||     6
       Scroll            |       |       |       |    20 ||    20
Armor: Scale mail        |    27 |    53 |     4 |       ||    84
       Chain mail        |       |       |   119 |   130 ||   249
Dodge: Dodged            |    19 |    32 |    65 |   139 ||   255
Block: Kite shield       |    38 |    96 |   152 |    93 ||   379
